 Dungeon Crawl Stone Soup version 0.29-a0-409-gd843f3a48c (webtiles) character file.

Game seed: 4713872657284579436

21 bande the Thrower (level 2, 29/29 HPs)
             Began as a Gnoll Wanderer on May 14, 2022.
             Quit the game on level 2 of the Dungeon.
             The game lasted 00:03:21 (1189 turns).

bande the Thrower (Gnoll Wanderer)                  Turns: 1189, Time: 00:03:21

Health: 29/29      AC:  3    Str: 12    XL:     2   Next: 87%
Magic:  2/2        EV: 11    Int: 13    God:
Gold:   45         SH:  0    Dex:  8    Spells: 2/2 levels left

rFire   . . .      SeeInvis .   a - +1 dagger (vorpal)
rCold   . . .      Faith    .   (no shield)
rNeg    . . .      Spirit   .   e - +0 robe
rPois   .          Reflect  .   (no helmet)
rElec   .          Harm     .   i - +0 cloak
rCorr   .          Rampage  .   (no gloves)
Will    .....                   (no boots)
Stlth   +.........              (no amulet)
HPRegen 0.09/turn               (no ring)
MPRegen 0.08/turn               (no ring)

@: no status effects
A: fangs 1, strong nose, distributed training, sense surroundings 1, inhibited
regeneration, MP-powered wands
a: no special abilities


You were on level 2 of the Dungeon.
You visited 1 branch of the dungeon, and saw 2 of its levels.

You collected 45 gold pieces.

Inventory:

Hand Weapons
 a - a +1 vorpal dagger (weapon)
 c - a +0 short sword
Missiles
 b - 2 curare-tipped darts
 f - 5 poisoned darts (quivered)
Armour
 e - a +0 robe (worn)
 i - a +0 cloak (worn)
Scrolls
 d - a scroll of teleportation


   Skills:
 + Level 6.5 Fighting
 + Level 6.5 Short Blades
 + Level 0.5 Long Blades
 + Level 0.5 Axes
 + Level 0.5 Maces & Flails
 + Level 0.5 Polearms
 + Level 0.5 Staves
 + Level 0.5 Slings
 + Level 0.5 Bows
 + Level 0.5 Crossbows
 + Level 8.5 Throwing
 + Level 0.5 Armour
 + Level 0.5 Dodging
 + Level 0.5 Stealth
 + Level 0.5 Shields
 + Level 0.5 Unarmed Combat
 + Level 0.5 Spellcasting
 + Level 0.4 Conjurations
 + Level 0.4 Hexes
 + Level 0.4 Summonings
 + Level 0.4 Necromancy
 + Level 0.4 Translocations
 + Level 0.4 Transmutations
 + Level 0.4 Fire Magic
 + Level 0.4 Ice Magic
 + Level 0.4 Air Magic
 + Level 0.4 Earth Magic
 + Level 0.4 Poison Magic
 + Level 0.7 Invocations
 + Level 0.5 Evocations


You had 2 spell levels left.
You didn't know any spells.
Your spell library contained the following spells:

 Spells                   Type           Power      Damage    Failure   Level
 Blink                    Tloc           2%         N/A       36%         2
 Manifold Assault         Tloc           1%         N/A       100%        5
 Storm Form               Tmut/Air       0%         N/A       100%        7


Dungeon Overview and Level Annotations

Branches:
Dungeon (2/15)

Altars:


Innate Abilities, Weirdness & Mutations

You have very sharp teeth.
Your uncanny sense of smell can sniff out nearby items.
Your experience applies equally to all skills.
You passively map a small area around you.
You do not regenerate when monsters are visible.
You expend magic power (3 MP) to strengthen your wands.


Message History

No target in view!
No target in view!
No target in view!
No target in view!
No target in view!
You see here a +0 long sword.
Key pressed, stopping explore.
You now have 45 gold pieces (gained 11).
Done exploring.
Done exploring.
Done exploring.
There is a stone staircase leading down here.
You climb downwards.
There is a stone staircase leading up here.
As you read the scroll labelled IQIEXZ HIKI, it crumbles to dust.
The scroll dissolves into smoke.
It was a scroll of fog.
As you read the scroll labelled PITAOS ZA WUN, it crumbles to dust.
You hear a loud clanging noise!
It was a scroll of noise.
You hear a shout!
You hear an angry hiss.
You hear a shout! x2
As you read the scroll labelled ZUIGOPL SALU, it crumbles to dust.
The air around you briefly surges with heat, but it dissipates.
It was a scroll of immolation.
As you read the scroll labelled XESONO LALYERR, it crumbles to dust.
Your body is wracked with pain!
It was a scroll of torment.
As you read the scroll labelled VINETOMOOMN, it crumbles to dust.
It is a scroll of identify.
k - a potion of mutation You start resting.
You start resting.
HP restored.
You start waiting.
Done waiting.
Really quaff the potion of mutation?
You feel extremely strange.
You feel your magical essence link to the dungeon's wands.
Your regeneration stops near monsters.
You feel a strange attunement to the structure of the dungeons.
There's something in the way.
Are you sure you want to abandon this character and quit the game? (Confirm with "yes".)

, * **
, * *
* *, ,
* *,
#### *
, ,
*,,..#
* #.#
, #@#
#..# *
##...
*###..
* ## *
, , *
* * ,
* *


There were no monsters in sight!

Vanquished Creatures
  A dart slug (D:1)
  2 giant cockroaches (D:1)
  2 goblins (D:1)
  2 hobgoblins (D:1)
  2 jackals (D:1)
  A kobold (D:1)
  A quokka (D:1)
  2 ball pythons (D:1)
  A bat (D:1)
  2 frilled lizards (D:1)
  2 rats (D:1)
18 creatures vanquished.

Notes
Turn   | Place    | Note
-------+----------+-------------------------------------------
     0 | D:1      | bande the Gnoll Wanderer began the quest for the Orb.
     0 | D:1      | bande set off with the following items: a +1 vorpal dagger,
                  | 3 curare-tipped darts, a +0 short sword, a scroll of
                  | teleportation, a +0 robe
     0 | D:1      | Reached XP level 1. HP: 23/23 MP: 1/1
   204 | D:1      | Reached XP level 2. HP: 24/29 MP: 2/2
  1188 | D:2      | Gained mutation: You expend magic power (3 MP) to
                  | strengthen your wands. [potion of mutation]
  1188 | D:2      | Gained mutation: You do not regenerate when monsters are
                  | visible. [potion of mutation]
  1188 | D:2      | Gained mutation: You passively map a small area around you.
                  | [potion of mutation]
  1189 | D:2      | Quit the game

Illustrated notes

Levels and vault maps discovered:
D:1:      dpeg_arrival_round_b, layout_loops_cross,
          hangedman_abyss_or_decor_stabs, minmay_tetromino_t4
D:2:      layout_rooms, chequers_serial_rivers_room_b, uniq_sigmund, uniq_robin

Action                   || total
-------------------------++-------
Melee: Dagger            ||    61
       Bite              ||     3
Throw: Dart              ||    12
  Use: Scroll            ||     5
       Potion            ||     1
 Stab: Sleeping          ||     2
Armor: Robe              ||    14
Dodge: Dodged            ||    37

Table legend: (Time is in decaauts)
 A = Elapsed time spent in this place.
 B = Non-inter-level travel time spent in this place.
 C = Inter-level travel time spent in this place.
 D = Time resting spent in this place.
 E = Time spent auto-exploring this place.
 F = Levels seen in this place.
 G = Mean time per level.
                   A        B        C        D        E       F      G
               +--------+--------+--------+--------+--------+-----+--------+
         Total |   1165 |   1165 |      0 |    234 |    736 |   2 |  582.5 |
       Dungeon |   1165 |   1165 |      0 |    234 |    736 |   2 |  582.5 |
               +--------+--------+--------+--------+--------+-----+--------+

Top non-repeatable levels by time:
     D:1: 925 daAuts
     D:2: 240 daAuts
